AoeStats
← BORN

Glade

510712528Analyzed
1v1 RM · 21h ago on Oct 2, 2026· 30m 55s· 2 players
Game mode
Random Map
Map size
Tiny (2 player)
Population
200
Speed
Normal
Resources
Standard
Victory
Conquest
Starting age
Dark Age
Ending age
Imperial Age
RankedLock teamsTeams togetherTeam positionsShared explorationLock speedFull tech treeHidden civsTurbo modeCheats
Victory
Defeat
🇹🇼 Goths · Taiwan
1056
+15
🇪🇸 Franks · Spain
1035
-15
BORN
10:25 Feudal Age
13:56 Loom
22:50 Castle Age
27:33 Wheelbarrow
30:01 Wheelbarrow
光的影子
0:26 Loom
11:46 Feudal Age
11:53 Man-at-Arms
12:24 Horse Collar
12:31 Double-Bit Axe
17:17 Forging
22:05 Wheelbarrow
24:27 Castle Age
24:04 Scale Mail Armor
23:55 Fletching
24:57 Long Swordsman
25:01 Elite Skirmisher
26:49 Pikeman
Connection lost

Rejoining the realm…

Still unreachable

The connection could not be restored.

Session expired

The server has moved on; the page needs a fresh start.